 Seeded DCSS version 0.27.0-1-g7a08968 (webtiles) character file.

Game seed: 4303278513014279070 (custom seed)

0 bananamous the Shield-Bearer (level 1, 18/18 HPs)
             Began as a Formicid Fighter on Aug 16, 2021.
             Got out of the dungeon alive.
             The game lasted 00:01:03 (53 turns).

bananamous the Shield-Bearer (Formicid Fighter)       Turns: 53, Time: 00:01:04

Health: 18/18      AC:  6    Str: 20    XL:     1   Next: 11%
Magic:  1/1        EV:  7    Int:  7    God:
Gold:   12         SH:  9    Dex: 10    Spells: 0/0 levels left

rFire    . . .     SeeInvis +   a - +0 war axe
rCold    . . .     Faith    .   c - +0 kite shield
rNeg     . . .     Spirit   .   b - +0 scale mail
rPois    .         Reflect  .   (helmet unavailable)
rElec    .         Harm     .   (no cloak)
rCorr    .         Rampage  .   (no gloves)
Will     .....                  (no boots)
Stlth    ..........             (no amulet)
HPRegen  0.06/turn              (no ring)
MPRegen  0.07/turn              (no ring)

@: no status effects
A: permanent stasis, dig shafts and tunnels, antennae 3, four strong arms
a: Dig, Shaft Self


You escaped.
You visited 1 branch of the dungeon, and saw 1 of its levels.

You collected 12 gold pieces.

Inventory:

Hand Weapons
 a - a +0 war axe (weapon)
Armour
 b - a +0 scale mail (worn)
 c - a +0 kite shield (worn)
Scrolls
 e - a scroll of acquirement
Potions
 d - a potion of might


   Skills:
 + Level 3.3 Fighting
 + Level 2.0 Axes
 + Level 3.3 Armour
 + Level 3.6 Shields


You couldn't memorise any spells.
You didn't know any spells.
Your spell library was empty.

Dungeon Overview and Level Annotations

Branches:
Dungeon (1/15)

Altars:


Innate Abilities, Weirdness & Mutations

You cannot be hasted, slowed, berserked, paralysed or teleported.
You can dig through walls and to a lower floor.
You have a pair of large antennae on your head. (SInv)
Your four strong arms can wield two-handed weapons with a shield.


Message History

You barely miss the kobold. You block the kobold's attack.
You hit the kobold.
The kobold is severely wounded.
The kobold barely misses you. x2
You closely miss the kobold.
The kobold is severely wounded.
The kobold hits you but does no damage.
You barely miss the kobold.
The kobold is severely wounded.
You block the kobold's attack. The kobold hits you but does no damage.
You barely miss the kobold.
The kobold is severely wounded.
The kobold hits you but does no damage. x2
You barely miss the kobold.
The kobold is severely wounded.
You block the kobold's attack.
Your shield and scale mail prevent you from hitting the kobold.
The kobold is severely wounded.
The kobold hits you with a +0 dagger. The kobold barely misses you.
You miss the kobold.
The kobold is severely wounded.
The kobold closely misses you.
You slash the kobold!
You kill the kobold!
No target in view!
No target in view!
No target in view!
No target in view!
HP restored.
Things that are here:
a +0 dagger; 2 stones; a kobold corpse
There is a staircase leading out of the dungeon here.
You can't go down here!
Are you sure you want to leave the Dungeon?
This will make you lose the game! [Y]es or [N]o only, please.
Are you sure you want to leave the Dungeon?
This will make you lose the game!
Alright, then stay!
This is a scroll of acquirement!
Are you sure you want to leave the Dungeon?
This will make you lose the game!
You have escaped!

..( #..... #####
#..... ....
#..... ..#
.....#####..###
##..#.....#...##
##..#.......#.[..
#..#....@....#
#..#.......#...
#..#.....#...#
#...#####..###
#.#.......##
#.#..####...
#......#####
###...)...#
#.......#


There were no monsters in sight!

Vanquished Creatures
  A kobold (D:1)
1 creature vanquished.

Notes
Turn   | Place    | Note
-------+----------+-------------------------------------------
     0 | D:1      | bananamous the Formicid Fighter began the quest for the
                  | Orb.
     0 | D:1      | Reached XP level 1. HP: 18/18 MP: 1/1
    52 | D:1      | Identified a scroll of acquirement
    53 | D:$      | Got out of the dungeon alive.

Illustrated notes

Levels and vault maps discovered:
D:1:      scummos_arrival_hexagon, layout_loops_ring, lexackson_kobold_supper

Action                   || total
-------------------------++-------
Melee: War axe           ||    11
Armor: Scale mail        ||     4
Dodge: Dodged            ||     7
Block: Kite shield       ||     5
